 Dungeon Crawl Stone Soup version 0.17-a0-1946-gfb768fe (webtiles) character file.

375 shakdrar the Cudgeler (level 7, 0/55 HPs)
             Began as a Formicid Abyssal Knight on Oct 1, 2015.
             Was a Believer of Lugonu.
             Slain by an iguana (7 damage)
             ... on level 4 of the Dungeon.
             The game lasted 00:14:07 (3327 turns).

shakdrar the Cudgeler (Formicid Abyssal Knight)     Turns: 3327, Time: 00:14:07

Health: 0/55       AC: 12    Str: 19    XL:     7   Next: 3%
Magic:  9/9        EV:  7    Int: 11    God:    Lugonu [**....]
Gold:   163        SH:  4    Dex: 10    Spells: 0 memorised, 6 levels left

rFire  . . .     SeeInvis +     a - +1 mace
rCold  . . .     Clarity  .     t - +0 chain mail
rNeg   . . .     SustAt   .     j - +0 buckler
rPois  .         Gourm    .     (helmet unavailable)
rElec  .         Spirit   .     h - +1 cloak
rCorr  .         Warding  .     (no gloves)
rMut   .         Stasis   +     i - +0 pair of boots
MR     .....                    (no amulet)
Stlth  ..........               (no ring)
                                (no ring)

@: not resistant to hostile enchantments, extremely unstealthy
A: permanent stasis, dig shafts and tunnels, four strong arms, antennae 3
a: Dig, Shaft Self, Depart the Abyss, Bend Space, Renounce Religion


You were on level 4 of the Dungeon.
You worshipped Lugonu.
Lugonu was pleased with you.
You were very hungry.

You visited 1 branch of the dungeon, and saw 4 of its levels.
You visited the Abyss 1 time.

You collected 163 gold pieces.

Inventory:

Hand weapons
 a - a +1 mace (weapon)
Armour
 b - a +0 leather armour
 h - a +1 cloak (worn)
 i - a +0 pair of boots (worn)
 j - a +0 buckler (worn)
 t - a +0 chain mail (worn)
Scrolls
 d - a scroll of magic mapping {unknown}
 e - a scroll of recharging {unknown}
 g - 2 scrolls of identify {unknown}
 q - a scroll of fog {unknown}
 s - a scroll of remove curse {unknown}
 u - a scroll of amnesia {unknown}
 v - a scroll of teleportation {unknown}
Potions
 f - a potion of lignification {unknown}
 m - 2 potions of curing
 o - a potion of heal wounds {unknown}
 p - a potion of poison {unknown}
Comestibles
 c - 2 bread rations
 k - a meat ration
 l - 2 fruits
 r - a beef jerky


   Skills:
 + Level 4.3 Fighting
 * Level 4.4 Maces & Flails
 + Level 3.8 Armour
 - Level 1.0 Dodging
 + Level 2.5 Shields
 + Level 3.7 Invocations


You had 6 spell levels left.
You didn't know any spells.

Dungeon Overview and Level Annotations

Branches:
Dungeon (4/15)
 Temple: D:4-7

Altars:

Annotations:
D:3 Eustachio
D:4 Sigmund


Innate Abilities, Weirdness & Mutations

You are under a permanent stasis effect.
You can dig through walls and to a lower floor.
Your four strong arms can wield two-handed weapons with a shield.
You have a pair of large antennae on your head (SInv).


Message History

Sigmund's hands start flickering wildly.
You sock Blork the orc!
You kill Blork the orc!
Lugonu accepts your kill.
You have reached level 7!
The iguana bites you but does no damage.
You hit the iguana.
The iguana is lightly wounded.
The orc hits you but does no damage. The iguana bites you.
You hit the iguana but do no damage.
The iguana is lightly wounded.
The orc hits you from afar with a trident.
The iguana bites you!
* * * LOW HITPOINT WARNING * * *
Your chain mail prevents you from hitting the iguana.
The iguana is lightly wounded.
The orc hits you from afar with a trident.
* * * LOW HITPOINT WARNING * * *
The iguana bites you!
You die...

..........##
..........#
#........##
##...#@o##
#.. ##o# ##
#O# #o# #l#
#@# ###


You could see Sigmund (invisible), an ogre, an iguana and 3 orcs.

Vanquished Creatures
  Grinder (D:3)
  Blork the orc (D:4)
  Natasha (D:3)
  4 adders
  3 orcs (D:3)
  3 giant cockroaches
  5 hobgoblins
  2 jackals (D:2)
  2 quokkas (D:2)
  5 bats
  4 giant newts
  5 goblins
  9 kobolds
  10 rats
55 creatures vanquished.

Notes
Turn   | Place    | Note
--------------------------------------------------------------
     0 | Abyss:1  | shakdrar the Formicid Abyssal Knight began the quest for the Orb.
     0 | Abyss:1  | Reached XP level 1. HP: 18/18 MP: 2/2
    43 | Abyss:1  | Noticed a large abomination
    71 | Abyss:1  | Noticed a small abomination
    81 | Abyss:1  | Found a corrupted altar of Lugonu.
    82 | D:1      | Escaped the Abyss
   132 | D:1      | Reached skill level 1 in Dodging
   490 | D:1      | Reached XP level 2. HP: 17/24 MP: 3/3
   593 | D:1      | Acquired Lugonu's first power
  1325 | D:2      | Reached XP level 3. HP: 19/29 MP: 4/4
  2035 | D:2      | Acquired Lugonu's second power
  2041 | D:2      | Reached XP level 4. HP: 36/36 MP: 5/5
  2335 | D:3      | Reached skill level 1 in Shields
  2547 | D:3      | Noticed Grinder
  2554 | D:4      | Noticed Natasha
  2559 | D:4      | Noticed Eustachio
  2857 | D:3      | Killed Grinder
  2857 | D:3      | Reached skill level 4 in Fighting
  2857 | D:3      | Reached XP level 5. HP: 30/42 MP: 7/7
  2857 | D:3      | Reached XP level 6. HP: 34/48 MP: 8/8
  3053 | D:4      | Noticed Sigmund
  3062 | D:3      | Killed Natasha
  3298 | D:4      | Noticed Blork the orc
  3298 | D:4      | Noticed an ogre
  3324 | D:4      | Killed Blork the orc
  3324 | D:4      | Reached XP level 7. HP: 26/55 MP: 9/9
  3327 | D:4      | Slain by an iguana

Vault maps used:
D:1:      dpeg_arrival_boxes_within_box, hangedman_decor_growths,
          minmay_misc_feat_secret_circle
D:3:      uniq_grinder
D:4:      nicolae_qazlal_general_emergency, uniq_pikel, uniq_blork_the_orc,
          uniq_eustachio, uniq_natasha, uniq_sigmund

Action                   |  1- 3 |  4- 6 |  7- 9 || total
-------------------------+-------+-------+-------++-------
Melee: Mace              |   109 |   106 |     3 ||   218
       Unarmed           |       |     3 |       ||     3
Invok: Depart the Abyss  |     1 |       |       ||     1
 Abil: Dig               |       |     3 |       ||     3
  Use: Scroll            |       |     1 |       ||     1
       Potion            |       |     1 |       ||     1
  Eat: Chunk             |     4 |     3 |       ||     7
       Pizza             |       |     1 |       ||     1
